 Dungeon Crawl Stone Soup version 0.28.0-53-g5a82cb258f (webtiles) character file.

Game seed: 8993198512177638016

1986 krakonos the Basher (level 9, 0/117 HPs)
             Began as a Minotaur Berserker on June 5, 2022.
             Was an Elder of Trog.
             Succumbed to a killer bee's poison
             ... on level 6 of the Dungeon.
             The game lasted 00:41:56 (5192 turns).

krakonos the Basher (Minotaur Berserker)            Turns: 5192, Time: 00:41:56

Health: 0/117      AC: 16    Str: 26    XL:     9   Next: 1%
Magic:  8/8        EV:  9    Int:  4    God:    Trog [****..]
Gold:   191        SH:  0    Dex: 10    Spells: 8/8 levels left

rFire   . . .      SeeInvis +   a - +0 mace
rCold   . . .      Faith    .   (no shield)
rNeg    . . .      Spirit   .   c - +0 chain mail
rPois   .          Reflect  .   (helmet restricted)
rElec   .          Harm     .   (no cloak)
rCorr   .          Rampage  .   t - +0 pair of gloves
Will    .....                   (no boots)
Stlth   ..........              (no amulet)
HPRegen 0.29/turn               d - ring of see invisible
MPRegen 0.11/turn               w - +4 ring of protection

@: berserking (expiring), lethally poisoned (0 -> -11), very quick
A: horns 2, retaliatory headbutt
a: Renounce Religion, Berserk, Trog's Hand, Brothers in Arms


You were on level 6 of the Dungeon.
You worshipped Trog.
Trog was greatly pleased with you.
You visited 1 branch of the dungeon, and saw 6 of its levels.

You collected 191 gold pieces.

Inventory:

Hand Weapons
 a - a +0 mace (weapon)
 A - a +0 shortbow of freezing
Missiles
 g - 154 stones (quivered)
 B - 48 arrows
Armour
 b - a +0 animal skin
 c - a +0 chain mail (worn)
 e - a scarf of harm
 t - a +0 pair of gloves (worn)
Jewellery
 d - a ring of see invisible (left hand)
 w - a +4 ring of protection (right hand)
Wands
 q - a wand of flame (14)
 y - a wand of iceblast (23)
 z - a wand of charming (4)
 D - a wand of acid (2)
Scrolls
 f - a scroll of silence {unknown}
 h - 2 scrolls of fog {unknown}
 i - 5 scrolls of noise {unknown}
 j - a scroll of acquirement {unknown}
 k - 2 scrolls of enchant armour {unknown}
 l - 3 scrolls of identify {unknown}
 m - 2 scrolls of vulnerability {unknown}
 n - a scroll of fear {unknown}
 o - a scroll of magic mapping {unknown}
Potions
 p - 2 potions of mutation {unknown}
 r - a potion of flight {unknown}
 s - 2 potions of curing {unknown}
 u - 2 potions of lignification {unknown}
 v - a potion of might {unknown}
 x - a potion of attraction {unknown}
 C - a potion of degeneration {unknown}


   Skills:
 + Level 6.7 Fighting
 + Level 9.7 Maces & Flails
 + Level 0.4 Throwing
 + Level 8.5 Armour
 + Level 3.7 Dodging
 + Level 1.4 Stealth


You had 8 spell levels left.
You didn't know any spells.
Your spell library contained the following spells:

 Spells                   Type           Power      Damage    Failure   Level
 Sublimation of Blood     Necr           0%         N/A       99%         2
 Wereblood                Tmut           0%         N/A       99%         2
 Gell's Gravitas          Tloc           0%         N/A       100%        3
 Lesser Beckoning         Tloc           0%         N/A       100%        3
 Teleport Other           Tloc           0%         N/A       100%        3
 Summon Hydra             Summ           0%         N/A       100%        7


Dungeon Overview and Level Annotations

Branches:
Dungeon (6/15)             Temple (0/1) D:4

Altars:
Xom


Innate Abilities, Weirdness & Mutations

You have a pair of horns on your head.
You reflexively headbutt those who attack you in melee.


Message History

The killer bee poisons you!
You thump the killer bee!
You kill the killer bee!
Trog accepts your kill.
You can now call in reinforcements.
* * * LOW HITPOINT WARNING * * *
You feel very sick. The killer bee barely misses you. You furiously retaliate!
You headbutt the killer bee.
The killer bee stings you but does no damage. x2
You have reached level 9!
Your experience leads to an increase in your attributes!
Increase (S)trength, (I)ntelligence, or (D)exterity?
You feel stronger. x2
You miss the killer bee. Your headbutt misses the killer bee.
The killer bee is almost dead.
* * * LOW HITPOINT WARNING * * *
You feel very sick. The killer bee completely misses you.
The killer bee stings you but does no damage.
You miss the killer bee.
The killer bee is almost dead.
* * * LOW HITPOINT WARNING * * *
You feel very sick. The killer bee closely misses you. You furiously retaliate!
You headbutt the killer bee!! The killer bee barely misses you.
You barely miss the killer bee.
The killer bee is almost dead.
* * * LOW HITPOINT WARNING * * *
You feel sick.
The killer bee stings you but does no damage. x2
You barely miss the killer bee. Your headbutt misses the killer bee.
The killer bee is almost dead.
* * * LOW HITPOINT WARNING * * *
You feel sick. The killer bee stings you.
* * * LOW HITPOINT WARNING * * *
The killer bee stings you but does no damage.
You are too berserk!
You miss the killer bee.
The killer bee is almost dead.
You die...

.. #.. (..# .... . ...
...+ .......#).. ....#
## ......#.#.#.# .....
... ...................
##.###.....#.#.#.#......
...............yy†.=....
...........#.#.#@#.....
........................
...........#>#.#.#....##
......[.....).........#
..............#####.....
.................# .....
.................# ....
.................# ....
|................#


You could see 2 killer bees.

Vanquished Creatures
  Grinder (D:6)
  A water moccasin (D:6)
  Duvessa (D:6)
  2 sky beasts (D:5)
  A necrophage (D:5)
  A centaur (D:5)
  3 phantoms (D:4)
  A water moccasin zombie (D:5)
  2 water moccasin skeletons (D:4)
  Dowan (D:6)
  4 killer bees (D:6)
  4 crimson imps (D:5)
  A centaur zombie (D:5)
  4 hounds
  An orc priest (D:5)
  3 iguanas
  2 orc wizards
  Robin (D:2)
  6 adders
  A shadow imp (D:5)
  An ufetubus (D:5)
  3 worms
  3 dart slugs
  7 orcs
  7 endoplasms
  4 giant cockroaches
  20 goblins
  12 hobgoblins
  7 jackals
  4 quokkas
  8 ball pythons
  5 frilled lizards
  9 kobolds
  5 rats
136 creatures vanquished.

Notes
Turn   | Place    | Note
-------+----------+-------------------------------------------
     0 | D:1      | krakonos the Minotaur Berserker began the quest for the
                  | Orb.
     0 | D:1      | Reached XP level 1. HP: 19/19 MP: 0/0
   241 | D:1      | Reached XP level 2. HP: 22/27 MP: 1/1
   246 | D:1      | Reached skill level 4 in Maces & Flails
   528 | D:1      | Found a faded altar of an unknown god.
   746 | D:1      | Reached XP level 3. HP: 22/33 MP: 2/2
  1044 | D:1      | Reached ** piety under Trog
  1459 | D:2      | Noticed Robin
  1467 | D:2      | Killed Robin
  1468 | D:2      | Reached XP level 4. HP: 41/41 MP: 3/3
  2410 | D:3      | Reached *** piety under Trog
  2547 | D:3      | Reached skill level 5 in Maces & Flails
  2547 | D:3      | Reached XP level 5. HP: 47/47 MP: 4/4
  3217 | D:4      | Noticed a phantom
  3248 | D:4      | Noticed a phantom
  3332 | D:4      | Reached XP level 6. HP: 49/55 MP: 5/5
  3538 | D:4      | Reached skill level 6 in Maces & Flails
  3631 | D:4      | Reached skill level 5 in Fighting
  3631 | D:4      | Reached skill level 5 in Armour
  3796 | D:4      | Found a staircase to the Ecumenical Temple.
  3811 | D:4      | Reached XP level 7. HP: 61/61 MP: 6/6
  3921 | D:5      | Entered Level 5 of the Dungeon
  3921 | D:5      | Noticed a troll
  3976 | D:5      | Reached skill level 7 in Maces & Flails
  4422 | D:5      | Reached skill level 8 in Maces & Flails
  4422 | D:5      | Reached XP level 8. HP: 70/70 MP: 7/7
  4615 | D:5      | Found a shimmering altar of Xom.
  4676 | D:5      | Reached **** piety under Trog
  5011 | D:6      | Noticed Duvessa
  5011 | D:6      | Noticed Dowan
  5022 | D:6      | Killed Duvessa
  5023 | D:6      | Killed Dowan
  5024 | D:6      | Reached skill level 9 in Maces & Flails
  5024 | D:6      | Reached skill level 1 in Stealth
  5108 | D:6      | Noticed Grinder
  5121 | D:6      | Killed Grinder
  5188 | D:6      | Reached XP level 9. HP: 13/78 MP: 8/8
  5191 | D:6      | HP: 4/117 [poisoned by a killer bee]
  5192 | D:6      | Succumbed to a killer bee's poison

Illustrated notes

Levels and vault maps discovered:
D:1:      dpeg_arrival_line_fractal, layout_basic, ebering_ecumenical_altar_rust
D:2:      layout_loops_corners, hex_tiny, minmay_pentomino_pile, uniq_robin
D:3:      layout_rooms
D:4:      layout_basic, minmay_temple_entry_antechambers, minmay_misc_feat_x,
          minivault_24, chequers_serial_rivers_micro_b
D:5:      layout_cave_pools, led_xom_imps
D:6:      layout_basic, st_stairs_8, uniq_grinder, uniq_eustachio, uniq_duvessa

Skill      XL: |  1  2  3  4  5  6  7  8 |
---------------+-------------------------+-----
Fighting       | 4 5 6 |  6.7
Maces & Flails | 4 5 6 8 9 |  9.7
Armour         | 3 4 5 6 8 |  8.5
Dodging        | 3 |  3.7
Stealth        | 1 |  1.4
Throwing       | |  0.4

Action                   |  1- 3 |  4- 6 |  7- 9 || total
-------------------------+-------+-------+-------++-------
Melee: Mace              |    82 |   156 |   141 ||   379
       Headbutt          |    12 |    30 |    27 ||    69
       Punch             |       |     1 |     1 ||     2
Throw: Stone             |     5 |     5 |       ||    10
Invok: Berserk           |     2 |       |     3 ||     5
 Stab: Invisible         |       |       |     2 ||     2
Armor: Chain mail        |    25 |   101 |   107 ||   233
Dodge: Dodged            |    36 |    72 |    89 ||   197
